 Dungeon Crawl Stone Soup version 0.31.0-12-g77e489cdc1 (webtiles) character file.

Game seed: 11876794407614319431

424 Ruich the Gusty (level 6, -3/38 HPs)
             Began as a Tengu Air Elementalist on Feb 12, 2024.
             Slain by a gnoll bouda
             ... wielding a +0 club
              (4 damage)
             ... on level 4 of the Dungeon.
             The game lasted 00:16:17 (6712 turns).

Ruich the Gusty (Tengu Air Elementalist)            Turns: 6712, Time: 00:16:17

Health: -3/38      AC:  4    Str: 10    XL:     6   Next: 96%
Magic:  6/11       EV: 12    Int: 12    God:
Gold:   121        SH:  0    Dex: 15    Spells: 4/11 levels left

rFire   . . .        f - +4 mace (protect)
rCold   . . .        (no shield)
rNeg    . . .        a - +0 robe
rPois   +            (helmet restricted)
rElec   .            i - +0 cloak
rCorr   .            l - +0 pair of gloves
SInv    +            (boots unavailable)
Will    +....        (no amulet)
Stlth   ++           Z - ring of wizardry
HPRegen 0.26/turn    c - ring "Lynuhu Lami" {rPois Will+ Int-3 Slay+3 SInv}
MPRegen 0.12/turn

%: acrobat, wizardry (x1)
@: lethally poisoned (-3 -> -9), weakened
A: beak, talons 3, acrobatic
a: no special abilities


You were on level 4 of the Dungeon.
You visited 1 branch of the dungeon, and saw 4 of its levels.

You collected 121 gold pieces.


Innate Abilities, Weirdness & Mutations

You have a beak for a mouth.
You have claws for feet.
You can magically evade attacks while moving or waiting.


   Skills:
 + Level 4.3 Fighting
 - Level 2.1 Dodging
 - Level 2.0 Stealth
 + Level 3.0 Spellcasting
 - Level 1.3 Conjurations
 + Level 7.1 Air Magic


You had 4 spell levels left.
You knew the following spells:

 Your Spells              Type           Power      Damage    Failure   Level
c - Static Discharge      Conj/Air       24%        3-4/arc   2%          2
v - Shock                 Conj/Air       48%        1d6       1%          1
x - Airstrike             Air            9%         2d(2-18)  5%          4

Your spell library contained the following spells:

 Spells                   Type           Power      Damage    Failure   Level
 Swiftness                Air            19%        N/A       1%          3
 Scorch                   Fire           2%         2d5       16%         2
 Flame Wave               Conj/Fire      3%         2d5       56%         4
 Summon Cactus Giant      Summ           0%         N/A       100%        6

Inventory:

Hand Weapons
 b - a +0 spear of venom
 f - a +4 mace of protection (weapon)
 k - a +1 antimagic dagger
Missiles
 n - a throwing net {=f}
Armour
 a - a +0 robe (worn)
 i - a +0 cloak (worn)
 l - a +0 pair of gloves (worn)
Jewellery
 c - the ring "Lynuhu Lami" (right hand) {rPois Will+ Int-3 Slay+3 SInv}
   (You acquired it on level 4 of the Dungeon)

   [ring of poison resistance]

   Int-3:     It affects your intelligence (-3).
   Slay+3:    It affects your accuracy & damage with ranged weapons and melee
   (+3).
   rPois:     It protects you from poison Will+: It increases your willpower.
   SInv:      It lets you see invisible.
 Z - a ring of wizardry (left hand)
Scrolls
 d - a scroll of teleportation {@r2}
 h - a scroll of vulnerability
Potions
 g - 4 potions of mutation
 o - a potion of enlightenment
 p - a potion of berserk rage {!q}

Dungeon Overview and Level Annotations

Branches:
Dungeon (4/15)
 Temple: D:4-7

Altars:
Kikubaaqudgha

,,,,,##.........##.P...▒▒▒...##
,***...................▒.▒....##
<,,,....!...).##........)▒.....#
,,,,..^......###....▒....▒.....#
***,...............▒▒..⚑.▒...(.#
,,,,................▒....▒....##
,,,,.......###gg..PP.....▒...##
>,*,,..###.....hgP...P.▒.▒.######
***,,##.....##..@..P...▒▒▒.######
***,,,,.........g.....P....######
,,,,***.......gg.........########
,,,,* *...J..J.##..#.....)......#
,,*** *........##.##.............
,,*****,.......##.##..........>(.
,,**,,,,.?....#*#.##.......<.....
,,,,,,,,,.....* *=##.............
,,**,,,,,,,,,,* *,*#.....)<......


You could see a gnoll bouda, a hound, 5 gnolls and 2 endoplasms.


Message History

The gnoll hits you from afar with a +0 spear.
You struggle against the net.
The gnoll is no longer moving quickly.
The gnoll bouda mumbles some strange prayers to its god.
The gnoll bouda is healed somewhat.
The gnoll hits you from afar with a +0 spear.
The gnoll barely misses you.
An endoplasm comes into view.
The gnoll hits you from afar with a +0 spear.
You struggle against the net.
The hound bites you but does no damage.
The gnoll hits you from afar with a +2 spear of venom.
* * * LOW HITPOINT WARNING * * *
The gnoll bouda gazes fiercely through you!
You feel as though you will be weak longer.
The gnoll bouda barely misses you.
The gnoll hits you from afar with a +0 spear!
* * * LOW HITPOINT WARNING * * *
The gnoll barely misses you. The gnoll hits you with a +0 whip.
* * * LOW HITPOINT WARNING * * *
The gnoll hits you from afar with a +0 spear.
* * * LOW HITPOINT WARNING * * *
Unknown command.
Unknown command.
Unknown command.
You shred the net and break free! The hound bites you.
* * * LOW HITPOINT WARNING * * *
The gnoll hits you from afar with a +2 spear of venom.
* * * LOW HITPOINT WARNING * * *
You are lethally poisoned!
The gnoll bouda hits you with a +0 club.
You die...

Skill      XL: |  1  2  3  4  5  6 |
---------------+-------------------+-----
Fighting       | 1 2 3 4 |  4.3
Air Magic      | 5 6 7 |  7.1
Spellcasting   | 3 |  3.0
Dodging        | |  2.1
Stealth        | |  2.0
Conjurations   | |  1.3

Action                     |  1- 3 |  4- 6 || total
---------------------------+-------+-------++-------
  Melee: Unarmed           |       |     2 ||     2
         Kick              |       |     5 ||     5
         Peck              |       |     1 ||     1
         Mace              |       |    16 ||    16
   Cast: Shock             |    75 |    79 ||   154
         Static Discharge  |       |    28 ||    28
         Airstrike         |       |    20 ||    20
    Use: Potion            |     1 |     1 ||     2
         Scroll            |       |     8 ||     8
   Stab: Sleeping          |       |     2 ||     2
 Armour: Robe              |    14 |    74 ||    88
  Dodge: Dodged            |    23 |    71 ||    94

Levels and vault maps discovered:
D:1:      scummos_arrival_simple_crosswalls, layout_basic
D:2:      minmay_razor_zed, layout_loops_ring, chequers_serial_rivers_room_b,
          kennysheep_pointless_box, minmay_crystal_water
D:3:      layout_rooms, minmay_quantized, uniq_terence
D:4:      layout_rooms, kiku_gazebo_garden_becter, uniq_sigmund

Notes
Turn   | Place    | Note
-------+----------+-------------------------------------------
     0 | D:1      | Ruich the Tengu Air Elementalist began the quest for the
                  | Orb.
     0 | D:1      | Reached XP level 1. HP: 10/10 MP: 4/4
   410 | D:1      | Reached skill level 1 in Fighting
   410 | D:1      | Reached XP level 2. HP: 16/16 MP: 1/6
  1742 | D:1      | Reached XP level 3. HP: 21/21 MP: 0/7
  2078 | D:2      | Reached skill level 2 in Fighting
  2078 | D:2      | Reached skill level 5 in Air Magic
  2085 | D:2      | HP: 2/21 [poisoned by an adder]
  2314 | D:2      | Reached XP level 4. HP: 12/26 MP: 2/8
  2538 | D:2      | Learned a level 2 spell: Static Discharge
  2683 | D:2      | Reached skill level 3 in Fighting
  2782 | D:2      | Reached XP level 5. HP: 30/32 MP: 6/9
  2939 | D:2      | Reached skill level 6 in Air Magic
  3366 | D:2      | Learned a level 4 spell: Airstrike
  4704 | D:3      | Reached XP level 6. HP: 37/38 MP: 2/10
  5560 | D:3      | Noticed Terence
  5898 | D:3      | Killed Terence
  5899 | D:3      | Reached skill level 4 in Fighting
  6053 | D:4      | Found an ancient bone altar of Kikubaaqudgha.
  6221 | D:4      | Identified a scroll of acquirement
  6221 | D:4      | Acquired the ring "Lynuhu Lami" {rPois Will+ Int-3 Slay+3
                  | SInv}
  6299 | D:4      | Reached skill level 3 in Spellcasting
  6299 | D:4      | Reached skill level 7 in Air Magic
  6711 | D:4      | HP: 3/38 [gnoll/+0 spear[a gnoll bouda] (3)]
  6712 | D:4      | HP: 1/38 [gnoll/+2 spear of venom[a gnoll bouda] (1)]
  6712 | D:4      | Slain by a gnoll bouda

Vanquished Creatures
  A phantom (D:4)
  A jelly (D:2)
  Terence (D:3)
  2 orc wizards (D:3)
  10 gnolls
  5 adders
  3 ribbon worms (D:2)
  2 dart slugs (D:3)
  11 orcs
  4 ball pythons
  6 endoplasms
  3 giant cockroaches
  8 goblins
  5 hobgoblins
  2 quokkas
  5 bats
  3 frilled lizards
  8 kobolds
  7 rats
87 creatures vanquished.

Table legend: (Time is in decaauts)
 A = Elapsed time spent in this place.
 B = Non-inter-level travel time spent in this place.
 C = Inter-level travel time spent in this place.
 D = Time resting spent in this place.
 E = Time spent auto-exploring this place.
 F = Levels seen in this place.
 G = Mean time per level.
                   A        B        C        D        E       F      G
               +--------+--------+--------+--------+--------+-----+--------+
         Total |   6729 |   6652 |     77 |   3693 |   1908 |   4 | 1682.2 |
       Dungeon |   6729 |   6652 |     77 |   3693 |   1908 |   4 | 1682.2 |
               +--------+--------+--------+--------+--------+-----+--------+

Top non-repeatable levels by time:
     D:2: 2581 daAuts
     D:1: 1821 daAuts
     D:3: 1782 daAuts
     D:4: 545 daAuts

Table legend:
 A = Non-vault XP
 B = Vault XP
 C = Vault XP percentage of total XP
 D = Non-vault monster count
 E = Vault monster count
 F = Vault count percentage of total count
                 A         B        C        D         E       F
            +---------+---------+-------+---------+---------+-------
      Total |     489 |     118 |  19.4 |      72 |      15 |  17.2
            +---------+---------+-------+---------+---------+-------
        D:1 |      32 |       0 |   0.0 |      20 |       0 |   0.0
        D:2 |     137 |      74 |  35.1 |      18 |      10 |  35.7
        D:3 |     180 |      44 |  19.6 |      28 |       5 |  15.2
        D:4 |     140 |       0 |   0.0 |       6 |       0 |   0.0
            +---------+---------+-------+---------+---------+-------
